 Dungeon Crawl Stone Soup version 0.17-a0-1515-gfae3d72 (webtiles) character file.

154 amnekian the Stinger (level 5, 0/35 HPs)
             Began as a Human Venom Mage on July 12, 2015.
             Was an Initiate of Yredelemnul.
             Slain by xsansara's ghost (17 damage)
             ... on level 5 of the Dungeon.
             The game lasted 00:14:56 (4587 turns).

amnekian the Stinger (Human Venom Mage)             Turns: 4587, Time: 00:14:56

Health: 0/35       AC:  5    Str:  9    XL:     5   Next: 63%
Magic:  8/8        EV: 12    Int: 16    God:    Yredelemnul [......]
Gold:   160        SH:  0    Dex: 13    Spells: 3 memorised, 2 levels left

rFire  . . .     SeeInvis .     y - -3 great mace (curse)
rCold  . . .     Clarity  .     o - +0 leather armour
rNeg   . . .     SustAt   .     (no shield)
rPois  .         Gourm    .     (no helmet)
rElec  .         Spirit   .     (no cloak)
rCorr  .         Warding  .     (no gloves)
rMut   .         Stasis   .     d - +1 pair of boots
MR     .....                    (no amulet)
Stlth  ++........               (no ring)
                                (no ring)

@: not resistant to hostile enchantments, unstealthy
A: no striking features
a: Renounce Religion


You were on level 5 of the Dungeon.
You worshipped Yredelemnul.
Yredelemnul was noncommittal.
You were not hungry.

You visited 1 branch of the dungeon, and saw 5 of its levels.

You collected 160 gold pieces.

Inventory:

Hand weapons
 e - a +0 mace
 g - a +0 whip
 n - a +2 dagger of venom
 u - a +0 short sword of venom
 y - a cursed -3 great mace (weapon)
Missiles
 r - 3 tomahawks
 w - 88 stones (quivered)
 B - 14 poisoned needles
Armour
 a - a +0 robe
 d - a +1 pair of boots (worn)
 o - a +0 leather armour (worn)
 t - a +0 chain mail
Scrolls
 f - 6 scrolls of identify
 h - 2 scrolls of magic mapping
 i - a scroll of noise {unknown}
 j - 2 scrolls of teleportation
 k - a scroll of blinking
 v - a scroll of fog
 z - a scroll of remove curse {unknown}
Potions
 l - a potion of poison {unknown}
 m - a potion of might {unknown}
 p - 2 potions of degeneration {unknown}
 q - a potion of curing
 x - a potion of berserk rage {unknown}
Books
 b - a Young Poisoner's Handbook

   Spells                             Type                      Level
   a - Sting                          Conjuration/Poison           1
   b - Cure Poison                    Poison                       2
   c - Mephitic Cloud                 Conjuration/Poison/Air       3
   d - Olgreb's Toxic Radiance        Poison                       4
   e - Venom Bolt                     Conjuration/Poison           5
Comestibles
 c - 6 bread rations
 s - a slice of pizza


   Skills:
 - Level 2.0 Dodging
 - Level 2.0 Stealth
 - Level 2.0 Spellcasting
 + Level 2.1 Conjurations
 - Level 6.0 Poison Magic


You had 2 spell levels left.
You knew the following spells:

 Your Spells              Type           Power        Failure   Level  Hunger
a - Sting                 Conj/Pois      ##..         6%          1    #......
b - Cure Poison           Pois           ###.......   3%          2    ###....
c - Mephitic Cloud        Conj/Pois/Air  ##......     30%         3    ###....


Dungeon Overview and Level Annotations

Branches:
Dungeon (5/15)             Temple (0/1) D:5

Altars:
Yredelemnul
The Shining One

Annotations:
D:5 Blork the orc; xsansara's ghost, experienced DsWn


Message History

Found 13 stones.
Casting: Sting
Confirm with . or Enter, or press ? or * to list all spells.
Aiming: Sting
Press: ? - help, Shift-Dir - straight line, f - ball python
Aim: a ball python (resting)
The sting hits the ball python.
The ball python is poisoned.
You kill the ball python!
Yredelemnul accepts your kill.
Xsansara's ghost (experienced Demonspawn Wanderer) comes into view.
Xsansara's ghost turns its malevolent gaze towards you.
There isn't anything here!
Unknown command.
There is a stone staircase leading up here.
You barely miss xsansara's ghost. Xsansara's ghost hits you!
You hit xsansara's ghost.
Xsansara's ghost is lightly damaged.
Xsansara's ghost hits you. Xsansara's ghost hits you!
You die...
Your body rises from the dead as a mindless zombie.

.#.........# ## ##
..........# .# #. #. ##.
#........# .##... #.#
..#####......## ....(# ..#
#...# #.....W#####..W..# ...
#.⌠.# #....#....#...†..#
#.###...###..######W.......#
#..........W## ##.......#
#..⌠..>..⌠.@# #........
##..........# ..#####..
####...###..# #.## . #.⌠.#
##..# #. ####...# #..# ..
#..###.# #... .. #....##
..#. ## ##...## .. .##
##..)#


You could see xsansara's ghost.

Vanquished Creatures
  An orc priest (D:4)
  2 adders (D:2)
  5 worms (D:2)
  2 giant geckos
  5 orcs
  2 ball pythons
  6 giant cockroaches
  8 goblins
  11 hobgoblins
  4 jackals (D:4)
  9 bats
  6 giant newts
  9 kobolds
  8 rats
78 creatures vanquished.

Vanquished Creatures (others)
  A rat (D:4)
1 creature vanquished.

Grand Total: 79 creatures vanquished

Notes
Turn   | Place    | Note
--------------------------------------------------------------
     0 | D:1      | amnekian the Human Venom Mage began the quest for the Orb.
     0 | D:1      | Reached XP level 1. HP: 13/13 MP: 3/3
   190 | D:1      | Reached XP level 2. HP: 19/19 MP: 0/5
   900 | D:2      | Reached XP level 3. HP: 21/24 MP: 6/6
   999 | D:2      | Reached skill level 5 in Poison Magic
  1034 | D:2      | Learned a level 2 spell: Cure Poison
  1038 | D:2      | Learned a level 3 spell: Mephitic Cloud
  1733 | D:2      | Reached XP level 4. HP: 30/30 MP: 2/7
  2863 | D:3      | Reached XP level 5. HP: 35/35 MP: 1/8
  2979 | D:3      | Reached skill level 6 in Poison Magic
  3658 | D:4      | Found a glowing golden altar of the Shining One.
  3661 | D:4      | Noticed an angel
  3856 | D:4      | Found a basalt altar of Yredelemnul.
  3859 | D:4      | Noticed a profane servitor
  3864 | D:4      | Became a worshipper of Yredelemnul the Dark
  3931 | D:4      | Reached skill level 1 in Conjurations
  4314 | D:5      | Entered Level 5 of the Dungeon
  4331 | D:5      | Noticed Blork the orc
  4392 | D:5      | Found a staircase to the Ecumenical Temple.
  4569 | D:5      | Noticed xsansara's ghost (experienced DsWn)
  4587 | D:5      | Slain by xsansara's ghost

Vault maps used:
D:1:      minmay_arrival_stone_box
D:3:      first_bread
D:4:      grunt_temple_overflow_holy_war
D:5:      minmay_temple_entry_junction, basic_altar, uniq_blork_the_orc

Action                   |  1- 3 |  4- 6 || total
-------------------------+-------+-------++-------
Melee: Mace              |     4 |       ||     4
       Whip              |    15 |       ||    15
       Dagger            |    31 |    34 ||    65
       Great mace        |       |    51 ||    51
 Cast: Sting             |    57 |    85 ||   142
       Cure Poison       |       |     1 ||     1
  Use: Scroll            |       |    10 ||    10
 Stab: Sleeping          |     1 |       ||     1
  Eat: Chunk             |     3 |    11 ||    14
